 Dungeon Crawl Stone Soup version bcrawl-1.35.4c (webtiles) character file.

Game seed: 13517428547313568008

172608 SneedManIsMyWife the Chopper (level 5, 0/33 HPs)
             Began as a Skeleton Fighter on Feb 8, 2022.
             Slain by an orc
             ... wielding a +0 club
              (4 damage)
             ... on level 3 of the Dungeon.
             The game lasted 00:01:45 (1999 turns).

SneedManIsMyWife the Chopper (Skeleton Fighter)     Turns: 1999, Time: 00:01:45

Health: 0/33       AC:  6    Str: 24      XL:     5   Next: 22%
Magic:  0/5        EV:  6    Int:  6      God:
Gold:   231        SH: 10    Dex:  7 (8)  Spells: 4/4 levels left

rFire    . . .     SeeInvis .   a - +0 war axe
rCold    + . .     Gourm    .   c - +1 medium shield
rNeg     + + +     Faith    .   b - +0 scale mail
rPois    ∞         Spirit   +   (no helmet)
rElec    .         Reflect  .   (no cloak)
rCorr    .                      (no gloves)
MR       .....                  (no boots)
Stlth    ..........             (no amulet)
HPRegen  0.11/turn              (no ring)
MPRegen  0.09/turn              (no ring)

@: no status effects
A: no food or potions, cold resistance 1, deterioration 1, negative energy
resistance 3, torment resistance, unbreathing, magic shield, sturdy frame 1,
spell healing
a: no special abilities


You were on level 3 of the Dungeon.
You were not hungry.

You visited 1 branch of the dungeon, and saw 3 of its levels.

You collected 231 gold pieces.

Inventory:

Hand Weapons
 a - a +0 war axe (weapon)
Armour
 b - a +0 scale mail (worn)
 c - a +1 medium shield (worn)
Jewellery
 j - an uncursed ring of protection from cold {unknown}
   (You found it on level 3 of the Dungeon)
 k - an uncursed ring of magical power
   (You took it off a hobgoblin on level 3 of the Dungeon)
Wands
 l - a wand of acid (5)
   (You found it on level 3 of the Dungeon)
Scrolls
 d - a scroll of blinking {unknown}
 e - a scroll of enchant armour
 f - a scroll of fog
 g - a scroll of amnesia
 h - a scroll of fear {unknown}
 i - a scroll of magic mapping {unknown}
 t - 2 scrolls of teleportation


   Skills:
 + Level 4.3 Fighting
 * Level 5.4 Axes
 - Level 3.2 Armour
 - Level 3.6 Shields


You had 4 spell levels left.
You didn't know any spells.
Your spell library was empty.

Dungeon Overview and Level Annotations

Branches:
Dungeon (3/12)

Altars:


Innate Abilities, Weirdness & Mutations

You do not eat or drink.
You are immune to poison.
Your flesh is cold resistant. (rC+)
Your body sometimes deteriorates upon taking damage.
You are immune to negative energy. (rN+++)
You are immune to unholy pain and torment.
You can survive without breathing.
When hurt, damage is shared between your health and your magic reserves.
Your movements are slightly less encumbered by armour. (ER -2)
Casting spells heals you.


Message History

An orc comes into view. It is wielding a +0 club.
The orc shouts!
You hear a shout!
An orc comes into view.
It is wielding a +0 flail. 2 orcs come into view.
The orc shouts! x2
An orc comes into view. It is wielding a +0 short sword.
The orc barely misses you.
Your shield prevents you from hitting the orc.
An orc comes into view. It is wielding a +0 flail.
The orc hits you but does no damage.
You hit the orc but do no damage. You slash the orc!
You kill the orc!
Your shield prevents you from hitting the orc.
The orc barely misses you. The orc hits you with a +0 club.
Your shield prevents you from hitting the orc.
You hit the orc. You slash the orc!
You kill the orc!
You hit the orc but do no damage. The orc hits you but does no damage.
You block the orc's attack. The orc hits you but does no damage. x2
You closely miss the orc.
The orc is severely wounded.
Your shield prevents you from hitting the orc.
You closely miss the orc. x2; You block the orc's attack.
The orc hits you but does no damage. The orc barely misses you.
You hit the orc but do no damage.
The orc is severely wounded.
You closely miss the orc. You hit the orc. You hit the orc but do no damage.
You barely miss the orc. You block the orc's attack.
The orc hits you but does no damage. x2
The orc hits you with a +0 short sword. You block the orc's attack.
You hit the orc but do no damage.
The orc is severely wounded.
You closely miss the orc. You hit the orc. You slash the orc!
You kill the orc!
You hit the orc but do no damage. You block the orc's attack.
The orc hits you with a +0 flail! The orc hits you with a +0 flail.
The orc closely misses you.
You closely miss the orc.
The orc is almost dead.
You barely miss the orc.
You closely miss the orc. x2; You slash the orc!
You kill the orc!
You hit the orc but do no damage. You block the orc's attack.
The orc barely misses you. You block the orc's attack.
The orc barely misses you. The orc hits you with a +0 flail.
The orc barely misses you. The orc hits you but does no damage.
The orc closely misses you. You block the orc's attack.
You are too injured to fight recklessly!
You are too injured to fight recklessly!
You are too injured to fight recklessly!
You are too injured to fight recklessly!
You are too injured to fight recklessly!
You are too injured to fight recklessly!
You are too injured to fight recklessly!
You are too injured to fight recklessly!
You are too injured to fight recklessly!
You are too injured to fight recklessly!
You are too injured to fight recklessly!
You are too injured to fight recklessly!
You are too injured to fight recklessly!
You are too injured to fight recklessly!
You are too injured to fight recklessly!
You are too injured to fight recklessly!
You are too injured to fight recklessly!
You are too injured to fight recklessly!
You are too injured to fight recklessly!
You are too injured to fight recklessly!
You are too injured to fight recklessly!
You are too injured to fight recklessly!
You are too injured to fight recklessly!
You are too injured to fight recklessly!
You are too injured to fight recklessly!
You are too injured to fight recklessly!
You are too injured to fight recklessly!
You slash the orc!
You kill the orc!
You hit the orc.
Your shield prevents you from hitting the orc.
You closely miss the orc. You hit the orc. The orc hits you with a +0 flail.
The orc barely misses you. The orc hits you with a +0 flail.
You block the orc's attack.
Your shield prevents you from hitting the orc.
The orc is severely wounded.
You hit the orc. x2; You closely miss the orc.
You block the orc's attack. x2
The orc hits you with a +0 flail.
* * * LOW HITPOINT WARNING * * *
The orc hits you with a +0 flail!
* * * LOW HITPOINT WARNING * * *
Your body deteriorates!
You feel clumsy. The orc closely misses you.
Unknown command.
Okay, then.
You slash the orc!
You kill the orc!
Your shield prevents you from hitting the orc.
You barely miss the orc. You slash the orc!
You kill the orc!
You hit the orc.
You kill the orc!
The orc hits you with a +0 club.
You die...

.........#....).#.#.
.. .......
#....###### ...
#....# #....# ....
#....###....#
....###....#.....##
...........#.....##
...........'......#
......)))..#.....##
......o@###......#
......o)# #...>..#
........# #......#
........# #......# #
##....... #...#### .
#........ ##### .
#........ .
#......... .


You could see 2 orcs.

Vanquished Creatures
  Terence (D:3)
  Jessica (D:3)
  3 gnolls (D:3)
  An adder (D:2)
  2 oozes
  2 worms
  4 leopard geckos (D:1)
  10 orcs (D:3)
  5 goblins
  6 hobgoblins
  A jackal (D:2)
  2 quokkas
  3 ball pythons
  2 bats (D:1)
  A frilled lizard (D:2)
  8 kobolds
  4 rats
56 creatures vanquished.

Notes
Turn   | Place    | Note
-------+----------+-------------------------------------------
     0 | D:1      | SneedManIsMyWife the Skeleton Fighter began the quest for
                  | the Orb.
     0 | D:1      | Reached XP level 1. HP: 14/14 MP: 1/1
    53 | D:1      | Reached XP level 2. HP: 19/19 MP: 2/2
    91 | D:1      | Reached skill level 3 in Axes
   937 | D:2      | Reached XP level 3. HP: 19/23 MP: 1/3
  1293 | D:2      | Reached skill level 4 in Axes
  1516 | D:3      | Noticed Jessica
  1535 | D:3      | Killed Jessica
  1536 | D:3      | Reached XP level 4. HP: 21/29 MP: 2/4
  1636 | D:3      | Reached skill level 4 in Fighting
  1811 | D:3      | Reached skill level 5 in Axes
  1911 | D:3      | Noticed Terence
  1918 | D:3      | Killed Terence
  1919 | D:3      | Reached XP level 5. HP: 25/33 MP: 5/5
  1998 | D:3      | HP: 4/33 [orc/+0 flail (5)]
  1999 | D:3      | Slain by an orc

Skill      XL: |  1  2  3  4 |
---------------+-------------+-----
Axes           | 3 4 5 |  5.4
Fighting       | 4 |  4.3
Armour         | |  3.2
Shields        | |  3.6

Action                   |  1- 3 |  4- 6 || total
-------------------------+-------+-------++-------
Melee: War axe           |   126 |    75 ||   201
  Use: Scroll            |     4 |       ||     4
Armor: Scale mail        |    57 |    30 ||    87
Dodge: Dodged            |    26 |    21 ||    47
Block: Medium shield     |    69 |    51 ||   120

Levels and vault maps discovered:
D:1:      evilmike_arrival_home_sweet_home, layout_loops_ring
D:2:      layout_basic, serial_rivers, chequers_serial_rivers_large_a,
          chequers_serial_rivers_small_3, chequers_serial_rivers_small_a,
          chequers_serial_rivers_small_3
D:3:      layout_basic, uniq_crazy_yiuf_cottage, uniq_jessica, uniq_terence

Table legend:
 A = Turns spent in this place as a percentage of turns spent in the entire game.
 B = Non-inter-level travel turns spent in this place as a percentage of non-inter-level travel turns spent in the entire game.
 C = Inter-level travel turns spent in this place as a percentage of turns spent in this place.
 D = Turns resting spent in this place as a percentage of non-inter-level travel turns spent in this place.
 E = Turns spent auto-exploring this place as a percentage of non-inter-level travel turns spent in this place.
 F = Non-inter-level travel turns spent in this place divided by the number of levels of this place that you've seen.
                   A       B       C       D       E      F
               +-------+-------+-------+-------+-------+----------------------
         Total | 100.0 | 100.0 |   1.6 |   0.0 |  81.3 | 656.0
       Dungeon | 100.0 | 100.0 |   1.6 |   0.0 |  81.3 | 656.0
               +-------+-------+-------+-------+-------+----------------------

Table legend:
 A = Kills in this place as a percentage of kills in entire the game.
 B = Kills by you in this place as a percentage of kills by you in the entire game.
 C = Kills by friends in this place as a percentage of kills by friends in the entire game.
 D = Other kills in this place as a percentage of other kills in the entire game.
 E = Experience gained in this place as a percentage of experience gained in the entire game.
 F = Experience gained in this place divided by the number of levels of this place that you have seen.
                   A       B       C       D       E      F
               +-------+-------+-------+-------+-------+----------------------
         Total | 100.0 | 100.0 |   N/A |   N/A | 100.0 |  82.3
       Dungeon | 100.0 | 100.0 |   N/A |   N/A | 100.0 |  82.3
               +-------+-------+-------+-------+-------+----------------------
